 Dungeon Crawl Stone Soup version 0.23-a0-33-g1e3a2e4 (webtiles) character file.

7648 GroovyGamera the Grappler (level 10, -1/104 HPs)
             Began as a Troll Monk on Aug 4, 2018.
             Was a High Priest of Okawaru.
             Slain by a five-headed hydra (14 damage)
             ... on level 8 of the Dungeon.
             The game lasted 00:24:37 (7512 turns).

GroovyGamera the Grappler (Troll Monk)              Turns: 7512, Time: 00:24:38

Health: -1/104     AC:  7    Str: 21    XL:     10   Next: 99%
Magic:  14/14      EV: 15    Int:  6    God:    Okawaru [*****.]
Gold:   430        SH:  2    Dex: 18    Spells: 9/9 levels left

rFire    . . .     SeeInvis .   E - +1 long sword (flame) (curse)
rCold    . . .     Gourm    +   (no shield)
rNeg     . . .     Faith    .   a - +0 robe
rPois    +         Spirit   .   (helmet restricted)
rElec    .         Reflect  +   z - +1 cloak
rCorr    .         Harm     .   (gloves unavailable)
MR       .....                  (boots unavailable)
Stlth    ++........             j - +2 amulet of reflection
HPRegen  0.67/turn              s - +3 ring of dexterity
MPRegen  0.14/turn              t - ring of poison resistance

@: no status effects
A: large, unfitting armour, claws 3, fast metabolism 3, gourmand, regeneration
1, shaggy fur 1, tough skin 2
a: Heroism, Finesse, Renounce Religion


You were on level 8 of the Dungeon.
You worshipped Okawaru.
Okawaru was extremely pleased with you.
You were completely stuffed.

You visited 2 branches of the dungeon, and saw 9 of its levels.

You collected 586 gold pieces.
You spent 156 gold pieces at shops.

Inventory:

Hand Weapons
 i - a +0 hunting sling of flaming
 x - a +0 giant spiked club
 C - a cursed +3 morningstar
 E - a cursed +1 long sword of flaming (weapon)
 F - a +4 halberd
Missiles
 v - 3 tomahawks of returning
 y - 3 large rocks (quivered)
 M - 26 sling bullets
 P - 4 steel tomahawks
 R - 5 tomahawks
Armour
 a - a +0 robe (worn)
 z - a +1 cloak (worn)
Jewellery
 j - a +2 amulet of reflection (around neck)
 o - an uncursed ring of see invisible
 s - a +3 ring of dexterity (left claw)
 t - a ring of poison resistance (right claw)
 G - a +4 amulet of reflection
 O - an uncursed ring of poison resistance
 U - an uncursed ring of protection from cold {unknown}
Wands
 c - a wand of flame (38)
 r - a wand of enslavement (15)
 B - a wand of digging (7)
 K - a wand of paralysis (10)
 S - a wand of acid (10)
Scrolls
 k - a scroll of magic mapping {unknown}
 n - 4 scrolls of remove curse
 p - a scroll of fear
 q - 3 scrolls of blinking {unknown}
 u - a scroll of teleportation
 w - a scroll of enchant armour
 D - 6 scrolls of identify
 H - a scroll of fog
 N - a scroll of acquirement {unknown}
 Q - a scroll of noise {unknown}
Potions
 d - a potion of invisibility
 e - a potion of ambrosia {unknown}
 f - 2 potions of heal wounds
 g - a potion of mutation {unknown}
 h - a potion of resistance {unknown}
 l - 4 potions of curing
 m - 3 potions of agility
 A - a potion of flight {unknown}
 I - 2 potions of berserk rage {unknown}
 J - a potion of might {unknown}
 L - a potion of brilliance {unknown}
Comestibles
 b - 24 rations
 T - a chunk of flesh


   Skills:
 + Level 7.7 Fighting
 + Level 7.7 Dodging
 - Level 1.4 Stealth
 + Level 9.3 Unarmed Combat
 + Level 6.8 Invocations


You had 9 spell levels left.
You didn't know any spells.
Your spell library contained the following spells:

 Spells                   Type           Power        Failure   Level  Hunger
 Sublimation of Blood     Necr           #.........   58%         2    ###....
 Ignite Poison            Fire/Tmut/Pois #.......     83%         3    ####...
 Alistair's Intoxication  Tmut/Pois      #.......     100%        5    ######.
 Petrify                  Tmut/Erth      #.......     99%         4    #####..
 Irradiate                Conj/Tmut      #.........   100%        5    ######.


Dungeon Overview and Level Annotations

Branches:
Dungeon (8/15)             Temple (1/1) D:4
   Lair: D:8-11

Altars:
Ashenzari
Cheibriados
Dithmenos
Elyvilon
Fedhas
Gozag
Hepliaklqana
Kikubaaqudgha
Makhleb
Nemelex Xobeh
Okawaru
Qazlal
Ru
Sif Muna
Trog
Uskayaw
Vehumet
Wu Jian
Xom
Yredelemnul
Zin
The Shining One

Shops:
D:4 !


Innate Abilities, Weirdness & Mutations

You are too large for most types of armour.
You have claws for hands.
Your metabolism is lightning-fast.
You like to eat raw meat.
Your natural rate of healing is unusually fast.
You are covered in fur. (AC +1)
You have very tough skin. (AC +2)


Message History

The five-headed hydra closely misses you.
The five-headed hydra bites you!
* * * LOW HITPOINT WARNING * * *
The big kobold completely misses you.
You barely miss the five-headed hydra.
The five-headed hydra is moderately wounded.
The five-headed hydra barely misses you.
The five-headed hydra closely misses you.
The five-headed hydra bites you.
* * * LOW HITPOINT WARNING * * *
The five-headed hydra barely misses you.
The five-headed hydra misses you. The big kobold misses you.
You feel much better. The five-headed hydra bites you.
* * * LOW HITPOINT WARNING * * *
The five-headed hydra bites you.
* * * LOW HITPOINT WARNING * * *
The five-headed hydra bites you.
* * * LOW HITPOINT WARNING * * *
The five-headed hydra bites you!
You die...

#.....P≈.#
#.....≈≈P#
#..P..P)≈#
#......≈P#
#.≈.≈p≈PP#######
####.#####.....#
#..(........#
##KD........#
#.@..(.....####
#.>...........#####
#.............#....
#..................
#..................
#.............#....
###########........
#...#.... #..)####.


You could see a five-headed hydra and a big kobold.

Vanquished Creatures
  Harold (D:8)
  A two-headed ogre (D:8)
  Pikel (D:8)
  Joseph (D:8)
  A hornet (D:6)
  2 dream sheep (D:8)
  Eustachio (D:5)
  2 yaks (D:8)
  2 hungry ghosts (D:8)
  Menkaure (D:6)
  3 ice beasts
  An orc warrior (D:8)
  A sky beast (D:7)
  3 black bears
  A phantom (D:4)
  A necrophage (D:8)
  6 ogres
  A crocodile (D:7)
  4 bullfrogs
  A gnoll sergeant (D:7)
  3 big kobolds
  3 scorpions
  16 wights
  2 howler monkeys
  4 crimson imps
  A bullfrog zombie (D:5)
  A quasit (D:5)
  4 hounds
  2 orc priests
  7 orc wizards
  Crazy Yiuf (D:5)
  Natasha (thrice) (D:2)
  2 iguanas (D:8)
  6 worker ants
  A hound zombie (D:8)
  A worker ant zombie (D:8)
  17 gnolls
  4 adders
  3 shadow imps
  An ooze (D:4)
  5 worms
  2 dart slugs (D:4)
  4 leopard geckos
  23 orcs
  9 giant cockroaches
  9 goblins
  10 hobgoblins
  22 jackals
  2 quokkas (D:7)
  3 ball pythons
  A ball python zombie (D:5)
  10 bats
  7 frilled lizards
  A giant cockroach zombie (D:6)
  7 kobolds
  2 leopard gecko skeletons
  A leopard gecko zombie (D:6)
  7 rats
242 creatures vanquished.

Vanquished Creatures (others)
  A jackal zombie (D:8)
1 creature vanquished.

Grand Total: 243 creatures vanquished

Notes
Turn   | Place    | Note
-------+----------+-------------------------------------------
     0 | D:1      | GroovyGamera the Troll Monk began the quest for the Orb.
     0 | D:1      | Reached XP level 1. HP: 22/22 MP: 0/0
     2 | D:1      | Noticed a centaur
     2 | D:1      | Noticed a tengu
     4 | D:1      | Noticed a gargoyle
     4 | D:1      | Noticed a demigod
     6 | D:1      | Noticed a dwarf
     8 | D:1      | Noticed a ghoul
     8 | D:1      | Noticed a vine stalker
    10 | D:1      | Noticed a formicid
    10 | D:1      | Noticed a minotaur
    12 | D:1      | Noticed a troll
    14 | D:1      | Noticed an elf
    14 | D:1      | Noticed a vampire
    16 | D:1      | Noticed an octopode
    16 | D:1      | Noticed an ogre
    18 | D:1      | Noticed a spriggan
    20 | D:1      | Noticed a demonspawn
    22 | D:1      | Noticed a human
    22 | D:1      | Noticed a halfling
    24 | D:1      | Noticed a draconian
    24 | D:1      | Noticed a felid
    26 | D:1      | Noticed a merfolk
    26 | D:1      | Noticed a naga
    80 | D:1      | Reached XP level 2. HP: 14/29 MP: 1/1
   518 | D:1      | Reached XP level 3. HP: 31/36 MP: 2/2
  1143 | D:2      | Noticed Natasha
  1144 | D:2      | Killed Natasha
  1144 | D:2      | Reached XP level 4. HP: 39/45 MP: 3/3
  1419 | D:2      | Noticed Natasha
  1422 | D:2      | Killed Natasha
  1680 | D:2      | Noticed Natasha
  1685 | D:2      | Killed Natasha
  1685 | D:2      | Reached skill level 4 in Unarmed Combat
  1685 | D:2      | Reached XP level 5. HP: 25/53 MP: 4/4
  2111 | D:3      | Reached XP level 6. HP: 58/62 MP: 5/5
  2155 | D:3      | Found a faded altar of an unknown god.
  2727 | D:4      | Reached skill level 5 in Unarmed Combat
  2904 | D:4      | Found a deep blue altar of Sif Muna.
  2943 | D:4      | Reached XP level 7. HP: 42/71 MP: 6/6
  3021 | D:4      | Found a staircase to the Ecumenical Temple.
  3030 | Temple   | Entered the Ecumenical Temple
  3260 | Temple   | Became a worshipper of Warmaster Okawaru
  3260 | Temple   | Reached * piety under Okawaru
  3260 | Temple   | Reached ** piety under Okawaru
  3423 | D:4      | Found a glowing silver altar of Zin.
  3484 | D:4      | Reached skill level 1 in Invocations
  3702 | D:4      | Found Iviafrupt's Distillery.
  3714 | D:4      | Bought 2 potions of heal wounds for 120 gold pieces
  3714 | D:4      | Bought a potion of curing for 36 gold pieces
  3753 | D:4      | Reached XP level 8. HP: 79/79 MP: 8/8
  3766 | D:5      | Entered Level 5 of the Dungeon
  3826 | D:5      | Reached skill level 5 in Fighting
  3826 | D:5      | Reached skill level 6 in Unarmed Combat
  3830 | D:5      | Reached skill level 5 in Dodging
  3834 | D:5      | Noticed Eustachio
  3968 | D:5      | Killed Eustachio
  4324 | D:5      | Found a runed door.
  4442 | D:5      | Noticed Crazy Yiuf
  4447 | D:5      | Killed Crazy Yiuf
  4690 | D:6      | Noticed Menkaure
  4699 | D:6      | Killed Menkaure
  4699 | D:6      | Reached *** piety under Okawaru
  4845 | D:6      | Reached XP level 9. HP: 89/89 MP: 8/10
  4919 | D:6      | Reached skill level 7 in Unarmed Combat
  5393 | D:7      | Found a burning altar of Makhleb.
  5908 | D:7      | Received a gift from Okawaru
  5927 | D:7      | Reached skill level 5 in Invocations
  6112 | D:8      | Noticed Harold
  6112 | D:8      | Noticed a two-headed ogre
  6167 | D:8      | Found a hide-covered altar of Uskayaw.
  6167 | D:8      | Noticed a hand axe
  6167 | D:8      | Noticed a dagger
  6167 | D:8      | Noticed Joseph
  6578 | D:8      | Killed Joseph
  6578 | D:8      | Reached skill level 8 in Unarmed Combat
  6578 | D:8      | Reached XP level 10. HP: 44/100 MP: 11/13
  6717 | D:8      | Killed a two-headed ogre
  6717 | D:8      | Reached **** piety under Okawaru
  6801 | D:8      | Killed Harold
  6805 | D:8      | Reached ***** piety under Okawaru
  6908 | D:8      | Noticed Pikel
  6927 | D:8      | Killed Pikel
  7028 | D:8      | Reached skill level 9 in Unarmed Combat
  7238 | D:8      | Found a glowing golden altar of the Shining One.
  7243 | D:8      | Found a basalt altar of Yredelemnul.
  7245 | D:8      | Noticed a profane servitor
  7271 | D:8      | Found a radiant altar of Vehumet.
  7271 | D:8      | Found a bloodstained altar of Trog.
  7384 | D:8      | Received a gift from Okawaru
  7491 | D:8      | Noticed a three-headed hydra
  7512 | D:8      | Slain by a five-headed hydra

Vault maps used:
D:1:      kb_arrival_jail
D:2:      uniq_natasha
D:3:      chequers_ecumenical_altar_island
D:4:      minmay_diamond_boxcup, zin_statuary, nicolae_overflow_crystal_walls,
          minmay_temple_entry_poolview, first_ration, serial_shops, shop
D:5:      uniq_eustachio, uniq_crazy_yiuf_cottage
D:6:      minivault_10, kennysheep_cross_bottleneck, uniq_menkaure
D:7:      lemuel_round_altar, corexii_hall_statues_s
D:8:      grunt_temple_overflow_holy_war, dancing_weapons_uskayaw,
          grunt_temple_overflow_open, hangedman_ranch, uniq_harold, uniq_pikel,
          uniq_joseph
Temple:   eino_temple_water

Skill      XL: |  1  2  3  4  5  6  7  8  9 10 |
---------------+-------------------------------+-----
Fighting       | 3 4 5 6 7 |  7.7
Dodging        | 3 4 5 6 7 |  7.7
Unarmed Combat | 4 5 6 8 9 |  9.3
Invocations    | 2 3 5 6 |  6.8
Stealth        | |  1.4

Action                   |  1- 3 |  4- 6 |  7- 9 | 10-12 || total
-------------------------+-------+-------+-------+-------++-------
Melee: Unarmed           |   107 |   159 |   317 |   122 ||   705
       Punch             |       |     2 |    20 |     3 ||    25
       Long sword        |       |       |       |     2 ||     2
Throw: Large rock        |    10 |    21 |       |       ||    31
Invok: Heroism           |       |       |    14 |     4 ||    18
  Use: Scroll            |       |       |    12 |       ||    12
       Potion            |       |       |     1 |     3 ||     4
 Stab: Sleeping          |     4 |     3 |     6 |       ||    13
  Eat: Chunk             |    16 |    17 |    30 |    20 ||    83
Armor: Robe              |    45 |    81 |   103 |    27 ||   256
Dodge: Dodged            |    61 |   122 |   274 |   137 ||   594
Block: Other             |       |       |    26 |    13 ||    39
       Rpst.: Long sword |       |       |       |     1 ||     1

Table legend:
 A = Spawn XP
 B = Non-spawn XP
 C = Spawn XP percentage of total XP
 D = Spawn monster count
 E = Non-spawn monster count
 F = Spawn count percentage of total count
 G = Total turns spent on level
                    A         B        C        D         E        F      G
               +---------+---------+-------+---------+---------+-------+---------
         Total |       0 |   10927 |   0.0 |       0 |     242 |   0.0 |  7512
               +---------+---------+-------+---------+---------+-------+---------
           D:1 |       0 |      51 |   0.0 |       0 |      30 |   0.0 |   821
           D:2 |       0 |     219 |   0.0 |       0 |      27 |   0.0 |  1005
           D:3 |       0 |     285 |   0.0 |       0 |      35 |   0.0 |   953
           D:4 |       0 |     903 |   0.0 |       0 |      29 |   0.0 |   745
           D:5 |       0 |     855 |   0.0 |       0 |      25 |   0.0 |   649
           D:6 |       0 |    1234 |   0.0 |       0 |      25 |   0.0 |   866
           D:7 |       0 |    1586 |   0.0 |       0 |      38 |   0.0 |  1349
           D:8 |       0 |    5794 |   0.0 |       0 |      33 |   0.0 |   882
               +---------+---------+-------+---------+---------+-------+---------
